Map: At Eternity's Edge LE

Players

Brightscales

  • Race: Protoss Protoss
  • League: Platinum

A.I. 1 (Very Easy)

  • Race: Terran Terran

VOD

Have the link to the VOD?

Description

Time

  • Played on: Aug. 28, 2026, 3:13 a.m.
  • Length: 2:38
Show
View Real Time Build Order
Export as new Build Order

Brightscales Protoss 

Build Orders:  

Get SALT Encoding   

  8  0:00  Probe (Chrono Boost)  
  9  0:12  Probe (Chrono Boost)  
  10  0:17  Probe (Chrono Boost)  
  11  0:27  Probe  
  12  0:34  Pylon  
  12  0:39  Probe  
  13  0:52  Probe  
  14  0:57  Gateway  
  14  1:04  Probe (Chrono Boost)  
  14  1:08  Assimilator  
  15  1:16  Probe (Chrono Boost)  
  16  1:22  Probe (Chrono Boost)  
  17  1:47  Nexus  
  17  1:58  Cybernetics Core  
  17  2:01  Probe  
  18  2:13  Probe  
  19  2:15  Pylon  
  19  2:25  Probe  
  19  2:27  Assimilator  
Show
View Real Time Build Order
Export as new Build Order

A.I. 1 (Very Easy) Terran 

Build Orders:  

Get SALT Encoding   

  8  0:00  SCV  
  9  0:13  SCV  
  10  0:25  SCV  
  11  0:37  SCV  
  12  0:45  Supply Depot  
  12  0:49  SCV  
  13  1:07  SCV  
  13  1:09  Refinery  
  14  1:11  Barracks  
  14  1:39  Supply Depot  
  14  1:44  Refinery  
  14  1:58  Orbital Command, Marine  
  15  2:24  SCV  
Tags
 
Add a new tag
Caveats
  • Supply blocks, unpowered buildings, or Contaminate may cause inaccurate times.
  • Supply counts are checked every 10 seconds.